 Dungeon Crawl Stone Soup version 0.19.0-19-g8c6edcc (webtiles) character file.

986 McCoppin the Sneak (level 8, 0/58 HPs)
             Began as an Octopode Assassin on Nov 14, 2016.
             Succumbed to an adder's poison
             ... on level 5 of the Dungeon.
             The game lasted 00:19:15 (5319 turns).

McCoppin the Sneak (Octopode Assassin)              Turns: 5319, Time: 00:19:16

Health: 0/58       AC:  1    Str: 13    XL:     8   Next: 18%
Magic:  12/12      EV: 18    Int: 13    God:
Gold:   236        SH:  5    Dex: 15    Spells: 1 memorised, 12 levels left

rFire  + + .     SeeInvis .     a - +2 dagger
rCold  + + .     Gourm    .     (no shield)
rNeg   . . .     Faith    .     (helmet restricted)
rPois  .         Spirit   .     p - +5 amulet of reflection
rElec  +         Reflect  +     u - ring of protection from fire
rCorr  .         Harm     .     r - ring of protection from cold (curse)
MR     .....     NoTele   +     C - ring of Xum Duxtor {-Tele +Inv rElec rF+ rC+}
Stlth  +++++.....               D - +3 ring of evasion
                                (no ring)
                                (no ring)
                                (no ring)
                                (no ring)

@: lethally poisoned (0 -> -1)
A: almost no armour, stealthy swim, amphibious, 8 rings, constrict 8, repulsion
field 1, camouflage 1, strong 1, gelatinous body 1, MP-powered wands
a: Evoke Invisibility


You were on level 5 of the Dungeon.
You were not hungry.

You visited 1 branch of the dungeon, and saw 5 of its levels.

You collected 236 gold pieces.

Inventory:

Hand Weapons
 a - a +2 dagger (weapon)
 b - a +0 blowgun
Missiles
 c - 8 poisoned needles
 d - 2 curare-tipped needles
Jewellery
 e - an uncursed amulet of rage
 p - a +5 amulet of reflection (around mantle)
 r - a cursed ring of protection from cold (right tentacle)
 u - a ring of protection from fire (left tentacle)
 z - an uncursed amulet of magic regeneration {unknown}
 A - an uncursed amulet of guardian spirit {unknown}
 C - the ring of Xum Duxtor (on tentacle) {-Tele +Inv rElec rF+ rC+}
   (You found it on level 4 of the Dungeon)

   [ring of protection from fire]

   It protects you from fire.
   It protects you from cold.
   It insulates you from electricity.
   It lets you turn invisible.
   It prevents most forms of teleportation.
 D - a +3 ring of evasion (on tentacle)
Scrolls
 h - 2 scrolls of amnesia {unknown}
 i - 2 scrolls of fear {unknown}
 k - a scroll of fog {unknown}
 l - a scroll of enchant weapon {unknown}
 m - 3 scrolls of remove curse
 o - a scroll of noise {unknown}
 q - a scroll of enchant armour {unknown}
 t - a scroll of recharging {unknown}
 w - a scroll of teleportation {unknown}
 y - a scroll of magic mapping {unknown}
Potions
 g - 2 potions of curing
 j - a potion of cancellation
 n - 2 potions of invisibility {unknown}
 s - 2 potions of brilliance
 x - a potion of agility
 F - a potion of resistance
Books
 v - a book of Cantrips

   Spells                             Type                      Level
   a - Confusing Touch                Hexes                        1
   b - Animate Skeleton               Necromancy                   1
   c - Summon Small Mammal            Summoning                    1
   d - Apportation                    Translocation                1
Comestibles
 f - 3 bread rations
 B - a fruit
 E - 3 chunks of flesh
 G - a meat ration


   Skills:
 + Level 6.6 Fighting
 - Level 2.0 Short Blades
 - Level 2.0 Throwing
 - Level 1.0 Dodging
 - Level 7.2 Stealth
 - Level 3.0 Spellcasting
 * Level 4.2 Necromancy


You had 12 spell levels left.
You knew the following spells:

 Your Spells              Type           Power        Failure   Level  Hunger
a - Animate Skeleton      Necr           N/A          6%          1    #......


Dungeon Overview and Level Annotations

Branches:
Dungeon (5/15)
 Temple: D:4-7

Altars:
Ashenzari
Dithmenos
Elyvilon
Gozag
Nemelex Xobeh
Qazlal
Zin
The Shining One

Annotations:
D:4 Sigmund


Innate Abilities, Weirdness & Mutations

You cannot wear most types of armour.
You are very stealthy in the water. (Stealth+)
You are amphibious.
You can wear up to eight rings at the same time.
You can use your tentacles to constrict eight enemies at once.
Your skin changes colour to match your surroundings (Stealth+).
Your rubbery body absorbs attacks. (AC +1, EV +1)
You are surrounded by a mild repulsion field. (EV +2)
Your muscles are strong. (Str +2)
You expend magic power (3 MP) to strengthen your wands.


Message History

You feel sick.
You see here a halberd.
The gnoll hits you.
You see here a gnoll skeleton.
The gnoll hits you.
* * * LOW HITPOINT WARNING * * *
You closely miss the gnoll. You grab the gnoll. You constrict the gnoll.
The gnoll hits you from afar with a spear!
* * * LOW HITPOINT WARNING * * *
The gnoll hits you.
* * * LOW HITPOINT WARNING * * *
You release your grip on the gnoll.
You feel sick. The gnoll barely misses you.
You see here a battleaxe.
You block the gnoll's attack.
You feel sick. The gnoll closely misses you. The gnoll hits you!
* * * LOW HITPOINT WARNING * * *
You die...

#..# #. #..## #.. #...# #### ..#
#...###... .# #......... # ####
##..)...... # ###..#####
###.......... ##
####........###.(..........
)######...)..gg.@.....<..........
..>.))รท...##S.............#####..
...############.........### ##.
#### ########### ## # # # ### ##
########.####
.######...........#########


You could see 2 gnolls and an adder.

Vanquished Creatures
  Eustachio (D:4)
  Edmund (D:4)
  An ogre (D:3)
  A scorpion (D:4)
  A howler monkey (D:5)
  A hound (D:5)
  2 gnoll shamans
  An orc priest (D:3)
  2 orc wizards
  A bullfrog skeleton (D:4)
  An iguana (D:5)
  A worker ant (D:5)
  A hound skeleton (D:5)
  6 gnolls
  A worker ant zombie (D:5)
  10 adders
  13 worms
  3 leopard geckos
  6 orcs
  8 giant cockroaches
  5 goblins
  9 hobgoblins
  11 jackals
  7 kobolds
  4 quokkas
  A ball python (D:2)
  7 bats
  5 frilled lizards
  A giant cockroach zombie (D:5)
  8 rats
120 creatures vanquished.

Vanquished Creatures (others)
  An adder (D:2)
1 creature vanquished.

Grand Total: 121 creatures vanquished

Notes
Turn   | Place    | Note
-------+----------+-------------------------------------------
     0 | D:1      | McCoppin the Octopode Assassin began the quest for the Orb.
     0 | D:1      | Reached XP level 1. HP: 14/14 MP: 1/1
   202 | D:1      | Reached XP level 2. HP: 13/19 MP: 2/2
   323 | D:1      | Reached skill level 6 in Stealth
   849 | D:2      | Reached XP level 3. HP: 24/24 MP: 3/3
   982 | D:2      | Found a white marble altar of Elyvilon.
   982 | D:2      | Found a glowing silver altar of Zin.
   982 | D:2      | Found a glowing golden altar of the Shining One.
  1114 | D:2      | Reached skill level 7 in Stealth
  1600 | D:2      | Found a sparkling altar of Nemelex Xobeh.
  1632 | D:2      | Reached XP level 4. HP: 29/29 MP: 3/5
  1648 | D:2      | Reached skill level 1 in Spellcasting
  2222 | D:3      | Reached XP level 5. HP: 20/36 MP: 6/8
  2414 | D:3      | Noticed an ogre
  2418 | D:3      | Killed an ogre
  2418 | D:3      | Reached XP level 6. HP: 43/43 MP: 8/10
  2618 | D:3      | Found an opulent altar of Gozag.
  2624 | D:3      | Learned a level 1 spell: Animate Skeleton
  2930 | D:3      | Reached skill level 1 in Necromancy
  3014 | D:3      | HP: 1/43 [gnoll (6)]
  3370 | D:4      | Noticed Sigmund
  3407 | D:3      | Gained mutation: You are surrounded by a mild repulsion field. (EV +2) [potion of mutation]
  3407 | D:3      | Gained mutation: Your muscles are strong. (Str +2) [potion of mutation]
  3407 | D:3      | Gained mutation: You expend magic power (3 MP) to strengthen your wands. [potion of mutation]
  3551 | D:4      | Reached XP level 7. HP: 49/49 MP: 11/11
  3586 | D:4      | Found a stormy altar of Qazlal.
  3814 | D:4      | Noticed Eustachio
  3826 | D:4      | Killed Eustachio
  3826 | D:4      | Reached skill level 5 in Fighting
  3963 | D:4      | Found a shadowy altar of Dithmenos.
  4221 | D:4      | Got a brightly glowing pewter ring
  4274 | D:4      | Identified the ring of Xum Duxtor {-Tele +Inv rElec rF+ rC+} (You found it on level 4 of the Dungeon)
  4276 | D:5      | Entered Level 5 of the Dungeon
  4356 | D:5      | Found a shattered altar of Ashenzari.
  4944 | D:5      | Noticed Edmund
  5057 | D:4      | Killed Edmund
  5057 | D:4      | Reached XP level 8. HP: 32/58 MP: 12/12
  5318 | D:5      | HP: 1/58 [gnoll (8)]
  5319 | D:5      | Succumbed to an adder's poison

Skill      XL: |  1  2  3  4  5  6  7 |
---------------+----------------------+-----
Stealth        | 6 7 |  7.2
Spellcasting   | 2 3 |  3.0
Fighting       | 3 4 6 |  6.6
Necromancy     | 2 4 |  4.2
Short Blades   | |  2.0
Throwing       | |  2.0
Dodging        | |  1.0

Action                   |  1- 3 |  4- 6 |  7- 9 || total
-------------------------+-------+-------+-------++-------
Melee: Dagger            |    64 |   128 |   100 ||   292
       Constrict         |    14 |    33 |    26 ||    73
       Tentacles         |    11 |    25 |    25 ||    61
 Fire: Blowgun           |       |     5 |       ||     5
 Cast: Animate Skeleton  |       |       |     3 ||     3
  Use: Scroll            |       |     4 |     1 ||     5
       Potion            |       |     2 |     1 ||     3
 Stab: Sleeping          |    14 |    15 |     4 ||    33
       Distracted        |       |     1 |       ||     1
  Eat: Chunk             |     2 |     5 |     1 ||     8
       Meat ration       |       |       |     1 ||     1
       Fruit             |       |       |     1 ||     1
Armor: Skin              |     4 |    11 |     4 ||    19
Dodge: Dodged            |    31 |    79 |    95 ||   205
Block: Other             |       |    12 |    22 ||    34
